 Dungeon Crawl Stone Soup version 0.29.1-15-g9cfb28693d (webtiles) character file.

Game seed: 4214703591462414151

238 hawla the Firebug (level 6, 0/67 HPs)
             Began as a Meteoran Fire Elementalist on Apr 10, 2023.
             Slain by Edmund
             ... wielding a +4 dire flail of protection
              (3 damage)
             ... on level 4 of the Dungeon.
             The game lasted 00:03:22 (930 turns).

hawla the Firebug (Meteoran Fire Elementalist)       Turns: 930, Time: 00:03:22

Health: 0/67       AC: 23    Str:  9    XL:     6   Next: 54%
Magic:  1/12       EV:  2    Int: 20    God:
Gold:   38         SH:  0    Dex: 14    Spells: 5/12 levels left

rFire   . . .      SeeInvis .   (no weapon)
rCold   . . .      Faith    .   (no shield)
rNeg    . . .      Spirit   .   (body armour currently unavailable)
rPois   +          Reflect  .   (helmet currently unavailable)
rElec   .          Harm     .   (cloak currently unavailable)
rCorr   .          Rampage  .   (gloves currently unavailable)
Will    .....      NoTele   +   (boots currently unavailable)
Stlth   +.........              (no amulet)
HPRegen 0.21/turn               (no ring)
MPRegen 0.13/turn               (no ring)

@: tree-form, glowing
A: stationary, stasis, torment immunity, boosted hp, sense surroundings 1,
otherworldly, glowing, explore regen
a: no special abilities


You were on level 4 of the Dungeon.
You were a tree.
You visited 1 branch of the dungeon, and saw 4 of its levels.

You collected 38 gold pieces.

Inventory:

Armour
 a - a +0 robe (melded)
Wands
 h - a wand of polymorph (7)
Scrolls
 b - a scroll of teleportation
Potions
 c - 2 potions of resistance
 e - a potion of curing


   Skills:
 + Level 3.0 Dodging
 - Level 1.4 Stealth
 + Level 3.9 Spellcasting
 + Level 4.8 Conjurations
 + Level 5.2 Fire Magic


You had 5 spell levels left.
You knew the following spells:

 Your Spells              Type           Power      Damage    Failure   Level
a - Foxfire               Conj/Fire      96%        2x1d8     1%          1
b - Scorch                Fire           48%        2d7       2%          2
c - Flame Wave            Conj/Fire      24%        2d8       16%         4

Your spell library contained the following spells:

 Spells                   Type           Power      Damage    Failure   Level
 Conjure Flame            Conj/Fire      24%        6-21      4%          3
 Inner Flame              Hex/Fire       14%        N/A       13%         3
 Dispersal                Tloc           1%         N/A       100%        6
 Disjunction              Tloc           1%         N/A       100%        8


Dungeon Overview and Level Annotations

Branches:
Dungeon (4/15) Zot: 1469
 Temple: D:4-7

Altars:
Trog
The Shining One

Annotations:
D:3 3 runed translucent doors, SpyderV's ghost, amateur MiFi
D:4 Edmund


Innate Abilities, Weirdness & Mutations

You are a tree.
Your roots penetrate the ground, keeping you stationary.
You cannot be teleported.
You are immune to unholy pain and torment.
Your maximum health is greatly increased.
Your equipment is partially melded.
You passively map a small area around you.
You are easily found by Zot.
You glow in the dark.
You regain HP and MP as you explore.


Message History

Edmund hits you with a +4 dire flail of protection!
Casting: Scorch (safe; 2% risk of failure)
Confirm with . or Enter, or press ? or * to list all spells.
Flames lash Edmund.
Edmund is burned terribly!
Edmund is moderately wounded.
Edmund closely misses you.
Casting: Scorch (safe; 2% risk of failure)
Confirm with . or Enter, or press ? or * to list all spells.
Flames lash Edmund.
Edmund is burned terribly!
Edmund is moderately wounded.
Edmund hits you with a +4 dire flail of protection!
* * * LOW HITPOINT WARNING * * *
Unknown command.
Really quaff the potion of lignification?
You turn into a tree.
Your +0 robe melds into your body.
Your roots penetrate the ground.
Edmund hits you but does no damage.
You smack Edmund!
Edmund is heavily wounded.
Edmund hits you but does no damage.
You hit Edmund but do no damage.
Edmund is heavily wounded.
Edmund hits you with a +4 dire flail of protection!
* * * LOW HITPOINT WARNING * * *
You hit Edmund.
Edmund is heavily wounded.
Edmund hits you with a +4 dire flail of protection.
* * * LOW HITPOINT WARNING * * *
Casting: Scorch (safe; 2% risk of failure)
Confirm with . or Enter, or press ? or * to list all spells.
Flames lash Edmund.
Edmund is severely wounded.
Edmund hits you with a +4 dire flail of protection.
* * * LOW HITPOINT WARNING * * *
Unknown command.
Casting: Scorch (safe; 2% risk of failure)
Confirm with . or Enter, or press ? or * to list all spells.
Flames lash Edmund.
Edmund is burned terribly!
Edmund is almost dead.
Edmund hits you with a +4 dire flail of protection.
You die...

...####........#
##..)..........###
**,
#########........,
* * #.#######
#.###### *, ,
#......# , ,
######.# * *, *
#.####.### *
#.♣@......
######.... , * # *


You could see Edmund (combustible).

Vanquished Creatures
  A black bear (D:4)
  An ogre (D:4)
  Ijyb (D:3)
  An adder (D:2)
  2 dart slugs (D:1)
  An orc (D:3)
  2 endoplasms
  A giant cockroach (D:1)
  3 goblins
  4 hobgoblins
  2 jackals (D:2)
  3 kobolds
  2 quokkas (D:3)
  3 ball pythons
  4 rats
31 creatures vanquished.

Vanquished Creatures (others)
  64 foxfires
64 creatures vanquished.

Grand Total: 95 creatures vanquished

Notes
Turn   | Place    | Note
-------+----------+-------------------------------------------
     0 | D:1      | hawla the Meteoran Fire Elementalist began the quest for
                  | the Orb.
     0 | D:1      | Reached XP level 1. HP: 14/14 MP: 5/5
   115 | D:1      | Reached XP level 2. HP: 12/20 MP: 4/6
   118 | D:1      | Learned a level 2 spell: Scorch
   161 | D:1      | Reached skill level 4 in Fire Magic
   218 | D:2      | Reached XP level 3. HP: 26/26 MP: 5/8
   350 | D:3      | Found a runed translucent gate.
   351 | D:3      | Noticed SpyderV's ghost (amateur MiFi)
   352 | D:3      | Found a runed translucent gate.
   353 | D:3      | Found a runed translucent gate.
   354 | D:3      | Identified the +0 leather armour "Necwefir" {-Tele *Slow
                  | rF+++ Str+7}
   391 | D:3      | Reached XP level 4. HP: 32/33 MP: 7/9
   396 | D:3      | Learned a level 4 spell: Flame Wave
   408 | D:3      | Found a faded altar of an unknown god.
   569 | D:3      | Noticed Ijyb
   574 | D:3      | Killed Ijyb
   608 | D:3      | Found a bloodstained altar of Trog.
   719 | D:3      | Found a glowing golden altar of the Shining One.
   882 | D:4      | Noticed an ogre
   886 | D:4      | Killed an ogre
   886 | D:4      | Noticed a black bear
   887 | D:4      | Reached XP level 5. HP: 38/38 MP: 4/10
   892 | D:4      | Killed a black bear
   893 | D:4      | Reached skill level 5 in Fire Magic
   893 | D:4      | Reached XP level 6. HP: 45/45 MP: 1/12
   919 | D:4      | Noticed Edmund
   929 | D:4      | HP: 3/67 [Edmund/+4 dire flail of protection (3)]
   930 | D:4      | Slain by Edmund

Illustrated notes

Levels and vault maps discovered:
D:1:      amcnicky_arrival_underground_garden, layout_loops_ring,
          dreamdust_ecumenical_altar_grove
D:2:      cheibrodos_helix_gallery, layout_loops_ring, kennysheep_crisscross
D:3:      layout_basic, lightli_temple_of_fire,
          nicolae_overflow_ecumenical_swirl, biasface_ghost_orc_armoury,
          uniq_ijyb
D:4:      layout_loops_ring, okawaru_gym_becter, uniq_edmund

Skill      XL: |  1  2  3  4  5 |
---------------+----------------+-----
Fire Magic     | 4 5 |  5.2
Spellcasting   | 3 |  3.9
Conjurations   | 4 |  4.8
Dodging        | 3 |  3.0
Stealth        | |  1.4

Action                   |  1- 3 |  4- 6 || total
-------------------------+-------+-------++-------
Melee: Unarmed           |    14 |     5 ||    19
 Cast: Foxfire           |    27 |    12 ||    39
       Scorch            |     9 |    12 ||    21
  Use: Scroll            |     2 |     4 ||     6
       Potion            |     1 |     1 ||     2
Armor: Robe              |     4 |     1 ||     5
       Skin              |       |     2 ||     2
Dodge: Dodged            |    10 |     2 ||    12
